Map: Para Site LE

Players

Adonis

  • Race: Protoss Protoss
  • League: Master
  • Spawn Location: 11:00

llllllllllll - Winner!

  • Race: Terran Terran
  • League: Master
  • Spawn Location: 5:00

VOD

Have the link to the VOD?

Description

Time

  • Played on: Sept. 30, 2018, 8:57 a.m.
  • Length: 26:01
Show
View Real Time Build Order
Export as new Build Order

Adonis Protoss 

Build Orders: 1 Gate Expand, Oracle Opening, Zealot Archon 

Get SALT Encoding   

  12  0:01  Probe  
  13  0:13  Probe  
  14  0:19  Pylon  
  14  0:26  Probe  
  15  0:36  Probe  
  15  0:40  Gateway  
  16  0:44  Probe  
  16  0:45  Assimilator  
  17  0:54  Probe  
  18  1:02  Probe  
  18  1:10  Probe  
  20  1:24  Probe  
  21  1:30  Nexus  
  21  1:40  Cybernetics Core  
  21  1:45  Assimilator  
  21  1:48  Probe  
  22  1:56  Pylon  
  22  2:00  Probe  
  23  2:08  Adept  
  23  2:14  Probe  
  26  2:25  Stargate  
  26  2:26  Probe  
  26  2:29  Pylon  
  27  2:34  Adept  
  28  2:39  Probe  
  28  2:41  Probe  
  29  2:50  Probe  
  28  2:51  Warp Gate  
  28  2:54  Probe  
  29  3:02  Probe, Oracle  
  30  3:06  Probe  
  34  3:14  Probe  
  34  3:18  Probe  
  36  3:26  Probe  
  37  3:29  Oracle  
  37  3:30  Probe  
  38  3:38  Probe  
  42  3:42  Probe  
  43  3:50  Probe  
  43  3:54  Probe  
  45  4:03  Pylon, Probe  
  45  4:04  Oracle  
  45  4:05  Nexus  
  45  4:06  Probe  
  47  4:15  Probe  
  48  4:22  Probe  
  49  4:27  Probe  
  49  4:29  Gateway  
  49  4:30  Gateway  
  50  4:34  Probe  
  50  4:36  Assimilator  
  51  4:39  Assimilator, Probe  
  51  4:41  Phoenix  
  54  4:53  Probe x2  
  56  5:05  Probe x2  
  58  5:09  Twilight Council  
  58  5:10  Forge  
  58  5:26  Charge  
  58  5:28  Probe x2  
  60  5:31  Sentry  
  60  5:32  Probe  
  60  5:33  Protoss Ground Weapons Level 1  
  63  5:36  Stalker x2  
  63  5:40  Gateway, Probe  
  63  5:41  Gateway  
  68  5:44  Gateway  
  68  5:48  Gateway  
  68  5:49  Gateway  
  68  5:51  Gateway  
  63  6:03  Templar Archives  
  63  6:13  Probe x2  
  63  6:35  Zealot x3  
  63  6:37  Probe x3  
  63  6:38  Pylon  
  72  6:47  Robotics Facility  
  72  6:49  Pylon, Probe  
  72  6:51  Pylon  
  72  6:52  Pylon, Blink  
  71  7:03  Zealot x7  
  85  7:09  Photon Cannon  
  85  7:10  Pylon  
  85  7:12  Pylon, Photon Cannon  
  85  7:13  Probe x3  
  88  7:19  High Templar x2  
  92  7:25  Probe x2  
  92  7:28  High Templar  
  92  7:29  Zealot x3  
  102  7:30  Archon  
  102  7:35  Probe  
  101  7:37  Probe x2  
  101  7:39  High Templar  
  101  7:42  Archon  
  105  7:45  Assimilator  
  105  7:49  Assimilator  
  105  7:50  Zealot x4  
  105  7:51  Zealot  
  115  7:57  Pylon  
  115  8:03  Nexus  
  115  8:06  Pylon  
  115  8:18  Zealot  
  115  8:19  Zealot x6  
  129  8:22  Probe x3  
  132  8:32  Protoss Ground Weapons Level 2  
  132  8:33  Warp Prism  
  132  8:34  Pylon  
  132  8:36  Pylon  
  132  8:38  Pylon  
  131  8:49  Robotics Bay  
  131  8:52  Robotics Facility  
  131  8:53  Probe x3  
  134  9:05  Photon Cannon, Probe x3  
  134  9:08  Photon Cannon  
  137  9:10  Shield Battery  
  137  9:16  High Templar x2  
  141  9:17  Zealot x4  
  141  9:20  Archon  
  149  9:27  Zealot  
  149  9:28  Zealot x2  
  155  9:35  Probe x3  
  155  9:36  Probe  
  159  9:40  Extended Thermal Lance  
  159  9:53  Fleet Beacon  
  159  9:55  Stargate  
  159  9:56  Probe x4, Nexus  
  163  10:00  Pylon  
  163  10:06  High Templar x2  
  167  10:07  High Templar  
  167  10:10  High Templar  
  167  10:11  Zealot x4  
  167  10:13  Archon  
  179  10:14  Archon  
  179  10:20  Photon Cannon  
  179  10:22  Shield Battery  
  179  10:25  Pylon  
  179  10:34  Photon Cannon  
  179  10:45  Assimilator  
  179  10:49  Assimilator  
  179  10:51  Colossus x2  
  177  11:17  Stalker x2  
  177  11:18  Stalker x7  
  187  11:23  Photon Cannon  
  187  11:24  Shield Battery  
  195  11:28  Protoss Ground Weapons Level 3  
  195  11:39  Assimilator  
  195  11:42  Assimilator  
  195  11:45  Stalker x2  
  199  11:52  Forge  
  181  12:19  Carrier x2  
  181  12:22  Disruptor x2  
  179  12:29  Graviton Catapult  
  191  12:30  Protoss Shields Level 1  
  193  12:45  Probe x2  
  193  12:46  Probe  
  194  12:52  Cybernetics Core  
  194  12:56  Stargate  
  160  13:00  Stargate  
  160  13:03  Photon Cannon  
  160  13:07  Photon Cannon  
  160  13:08  Photon Cannon  
  160  13:10  Photon Cannon x2  
  160  13:11  Photon Cannon  
  158  13:29  Carrier x2  
  158  13:30  Nexus  
  158  13:31  Pylon, Carrier  
  158  13:35  Pylon, Disruptor x2  
  164  13:44  Zealot x5  
  164  13:45  Zealot x4  
  196  14:01  Carrier  
  194  14:06  Protoss Air Armor Level 1, Protoss Air Weapons Level 1  
  194  14:09  Protoss Ground Armor Level 1  
  180  14:26  Assimilator  
  180  14:30  Assimilator  
  180  14:37  Photon Cannon  
  180  14:39  Photon Cannon  
  180  14:41  Carrier  
  180  14:42  Photon Cannon  
  180  14:45  Carrier, Shield Battery  
  180  14:46  Gateway, Shield Battery  
  180  14:47  Gateway  
  180  14:48  Protoss Shields Level 2  
  180  14:51  Carrier  
  180  14:52  Gateway  
  198  15:04  Dark Shrine  
  194  15:26  Carrier  
  195  15:36  Photon Cannon  
  195  15:39  Photon Cannon  
  195  15:46  Observer x2  
  196  15:56  Carrier  
  192  16:28  Zealot x5  
  192  16:29  Zealot x2  
  173  16:34  Zealot x2  
  173  16:35  Zealot x3  
  173  16:41  Carrier x2  
  149  16:47  Carrier  
  167  17:08  Shield Battery  
  167  17:12  Shield Battery  
  167  17:15  Shield Battery  
  167  17:17  Dark Templar x4  
  167  17:18  Dark Templar x7  
  167  17:19  Dark Templar  
  191  17:23  Archon x5  
  191  17:24  Archon  
  191  17:25  Protoss Air Armor Level 2  
  191  17:35  Protoss Air Weapons Level 2  
  191  17:39  Protoss Shields Level 3, Protoss Ground Armor Level 2  
  191  17:47  Carrier  
  197  18:04  High Templar  
  158  18:27  Stalker x3  
  158  18:28  Stalker x4  
  160  18:49  High Templar x5  
  160  18:50  High Templar x2  
  160  18:54  High Templar  
  176  19:00  Archon x2  
  176  19:01  Archon  
  176  19:02  High Templar, Archon  
  178  19:04  High Templar  
  180  19:10  High Templar  
  180  19:11  Archon  
  180  19:16  High Templar  
  184  19:22  Archon  
  150  19:42  Carrier  
  150  19:44  Carrier  
  157  20:20  High Templar x6  
  157  20:21  High Templar  
  171  20:30  Observer  
  150  20:53  High Templar  
  150  20:54  High Templar x5  
  150  20:55  High Templar  
  164  20:57  High Templar x2  
  164  21:00  High Templar x2  
  164  21:01  Archon x5  
  164  21:02  Archon x2  
  172  21:04  Archon  
  172  21:07  Archon  
  172  21:20  Nexus  
  166  22:01  Stalker  
  168  22:02  Stalker  
  168  22:03  Stalker x4  
  168  22:04  Stalker x3  
  184  22:09  Observer x2  
  184  22:12  High Templar  
  184  22:13  High Templar  
  184  22:15  Observer Gravitic Boosters  
  184  22:32  Probe x2  
  184  22:33  Probe  
  182  22:58  Nexus  
  182  22:59  Pylon  
  181  23:17  Colossus x2  
  193  23:34  Assimilator  
  193  23:38  Assimilator  
  193  23:39  Probe  
  193  23:40  Probe x2  
  196  23:50  Stalker x2  
  200  24:01  High Templar  
  196  24:28  High Templar x3  
  196  24:29  High Templar x5  
  196  24:30  High Templar x2  
  197  24:34  Archon  
  197  24:35  Archon x3  
  197  24:36  High Templar, Archon  
  144  25:00  High Templar  
  144  25:02  Colossus  
  106  25:07  Colossus  
  111  25:29  Assimilator  
  111  25:32  Pylon  
  111  25:33  Assimilator  
  111  25:37  Dark Templar  
Show
View Real Time Build Order
Export as new Build Order

llllllllllll Terran - Winner!

Build Orders: Reaper Expand, Bio Tank 

Get SALT Encoding   

  12  0:00  SCV  
  13  0:13  SCV  
  14  0:17  Supply Depot  
  14  0:25  SCV  
  15  0:38  SCV  
  15  0:39  Barracks  
  16  0:44  Refinery  
  16  0:50  SCV  
  17  1:02  SCV  
  18  1:14  SCV  
  19  1:26  Orbital Command  
  19  1:27  Reaper  
  20  1:42  Command Center  
  20  1:52  Supply Depot  
  20  1:53  SCV  
  21  1:59  Marine  
  22  2:06  SCV  
  23  2:09  Factory  
  23  2:18  SCV, Refinery  
  23  2:22  Barracks Reactor  
  24  2:30  SCV  
  25  2:42  SCV  
  26  2:54  SCV  
  27  2:59  Marine x2  
  27  3:03  Starport  
  27  3:04  Factory Tech Lab  
  29  3:06  Orbital Command  
  29  3:09  SCV  
  29  3:15  Bunker  
  29  3:17  Marine x2  
  31  3:21  SCV  
  31  3:23  Widow Mine  
  34  3:31  SCV  
  34  3:33  SCV  
  36  3:34  Engineering Bay  
  36  3:35  Marine x2  
  38  3:43  SCV  
  38  3:45  SCV  
  38  3:46  Viking  
  41  3:49  Widow Mine  
  41  3:53  Marine  
  44  3:56  SCV  
  44  3:57  SCV  
  46  4:06  Supply Depot  
  46  4:12  Supply Depot  
  46  4:16  Terran Infantry Weapons Level 1  
  46  4:20  Missile Turret  
  46  4:27  SCV, Medivac, Barracks  
  46  4:28  SCV  
  46  4:30  Factory Tech Lab  
  50  4:40  Marine, SCV  
  50  4:42  Stimpack, Supply Depot  
  50  4:43  SCV  
  53  4:52  SCV, Siege Tank  
  57  4:53  Supply Depot  
  57  4:55  SCV  
  58  5:04  SCV, Missile Turret  
  58  5:05  Starport Reactor  
  59  5:07  SCV  
  59  5:08  Marine  
  59  5:10  Supply Depot  
  61  5:14  Marine x2  
  61  5:16  SCV  
  61  5:20  SCV  
  65  5:24  Refinery, Supply Depot  
  65  5:26  Marine  
  65  5:28  SCV, Refinery  
  67  5:33  SCV, Siege Tank  
  71  5:36  Marine x2  
  71  5:40  SCV  
  74  5:45  Marine, SCV  
  76  5:52  SCV  
  76  5:53  Marine  
  76  5:56  Command Center  
  78  5:57  Marine  
  78  5:59  SCV  
  78  6:01  Supply Depot  
  78  6:03  Marine  
  81  6:08  SCV  
  81  6:10  Siege Tank  
  85  6:11  Marine  
  85  6:12  Medivac  
  85  6:15  Marine  
  89  6:20  Marine  
  86  6:35  Marine x2  
  86  6:36  SCV  
  86  6:37  Medivac  
  86  6:39  SCV, Marauder  
  94  6:42  Medivac  
  94  6:45  Terran Infantry Armor Level 1  
  96  6:48  SCV  
  96  6:52  Barracks  
  96  6:53  Marine x2, Barracks  
  99  6:56  SCV  
  99  7:00  Marine, SCV  
  102  7:07  Siege Tank  
  105  7:10  Marine  
  105  7:12  Engineering Bay, Armory  
  105  7:14  SCV  
  107  7:16  SCV  
  107  7:18  Marine  
  109  7:26  SCV  
  109  7:29  Missile Turret  
  110  7:30  Orbital Command  
  110  7:33  Marine x2  
  110  7:35  SCV  
  110  7:36  Medivac  
  115  7:40  SCV, Supply Depot  
  116  7:45  Supply Depot  
  116  7:47  SCV, Barracks Tech Lab  
  116  7:48  Barracks Reactor  
  117  7:53  Supply Depot  
  117  8:01  Viking, Refinery, Siege Tank, SCV x3  
  125  8:07  Marine x2, Marauder  
  125  8:08  Supply Depot  
  125  8:10  Terran Infantry Weapons Level 2  
  128  8:13  SCV  
  128  8:15  SCV  
  128  8:16  Marine  
  130  8:21  Combat Shields  
  130  8:23  SCV  
  130  8:24  Marine  
  130  8:25  Terran Vehicle Weapons Level 1  
  130  8:26  SCV  
  133  8:30  SCV, Marauder  
  133  8:32  Refinery  
  136  8:34  Command Center  
  136  8:37  Missile Turret  
  136  8:40  Marine x3, Marauder  
  141  8:44  Ghost Academy  
  141  8:52  Terran Infantry Armor Level 2  
  141  8:54  Marine, SCV x2, Siege Tank  
  149  8:55  Marauder, Supply Depot  
  149  8:57  Concussive Shells  
  149  8:58  Supply Depot  
  149  9:10  Supply Depot  
  149  9:15  Supply Depot  
  149  9:17  Marine x2, SCV x2, Viking, Marauder  
  149  9:19  Marine x2, Sensor Tower  
  149  9:20  SCV, Marauder  
  162  9:29  SCV x2  
  164  9:33  SCV  
  164  9:34  Siege Tank  
  164  9:35  Marine x2, Barracks  
  164  9:37  Barracks  
  164  9:38  Barracks  
  170  9:41  SCV x2, Ghost  
  174  9:46  SCV  
  175  9:54  Factory  
  175  9:55  Ghost  
  175  9:57  Marine  
  180  10:06  Siege Tank  
  184  10:10  Ghost  
  183  10:14  Command Center  
  183  10:17  Marine  
  183  10:20  Viking  
  186  10:23  Ghost  
  186  10:26  Refinery  
  188  10:29  Missile Turret  
  188  10:32  Sensor Tower  
  188  10:38  Factory Tech Lab, Ghost  
  188  10:39  Barracks Tech Lab x3  
  188  10:40  Marine  
  182  11:04  SCV x3  
  185  11:07  Planetary Fortress  
  185  11:09  Ghost x2  
  189  11:16  SCV x3  
  192  11:19  Terran Infantry Weapons Level 3, Sensor Tower  
  192  11:27  Refinery  
  192  11:28  Marine x3, SCV  
  192  11:29  Marine, Ghost  
  199  11:33  Command Center  
  199  11:36  Missile Turret  
  199  11:38  Terran Infantry Armor Level 3  
  199  11:40  Marine  
  198  12:12  Terran Vehicle Weapons Level 2  
  196  12:27  Planetary Fortress  
  196  12:31  Command Center  
  196  12:35  Supply Depot  
  196  12:40  Supply Depot x2  
  196  12:41  Supply Depot  
  196  12:44  Ghost  
  196  12:45  Marine x2  
  200  12:54  Siege Tank  
  200  12:57  Command Center  
  200  13:07  Barracks x2  
  200  13:09  Supply Depot  
  200  13:20  Factory, Planetary Fortress, Armory  
  200  13:48  Refinery x2  
  200  13:53  Marine  
  200  13:54  Marine x2  
  200  13:55  Marine  
  200  13:57  Viking  
  200  13:58  Ghost, Viking  
  200  14:02  Siege Tank  
  195  14:05  Ghost  
  195  14:06  Marine x2, Ghost  
  195  14:07  Barracks Tech Lab  
  192  14:10  Siege Tank  
  192  14:11  Ghost  
  200  14:18  Orbital Command  
  200  14:20  Orbital Command  
  198  14:24  Barracks Tech Lab  
  198  14:28  Command Center  
  198  14:30  Command Center, Terran Vehicle Weapons Level 3, Terran Vehicle And Ship Armor Level 1  
  197  14:41  Missile Turret  
  197  14:42  Missile Turret x2  
  197  14:44  Siege Tank  
  197  14:45  Factory Tech Lab  
  200  14:53  Missile Turret  
  200  14:55  Hi-Sec Auto Tracking, Building Armor  
  200  15:02  Missile Turret x2  
  200  15:03  Missile Turret  
  190  15:22  Missile Turret  
  189  15:34  Siege Tank x2  
  195  15:44  Siege Tank  
  198  15:59  Command Center  
  184  16:24  Terran Ship Weapons Level 1  
  181  16:29  Marine x2, Ghost  
  167  16:38  Marine, Ghost  
  143  16:41  Marine x6  
  144  16:47  Marine x2  
  144  16:53  Personal Cloaking  
  139  16:56  Marine, Viking  
  139  16:57  Marine, Viking  
  139  16:58  Ghost  
  139  16:59  Marine x4, Ghost  
  153  17:05  Marine x2, Starport  
  153  17:06  Ghost  
  157  17:10  Siege Tank x3  
  157  17:13  Terran Vehicle And Ship Armor Level 2  
  157  17:14  Marine  
  167  17:15  Marine  
  167  17:17  Marine x4  
  167  17:18  Planetary Fortress  
  167  17:19  Refinery  
  172  17:22  Marine  
  172  17:23  Marine, Orbital Command  
  172  17:26  Viking x2  
  172  17:27  Ghost  
  172  17:28  Marine  
  181  17:32  Marine  
  181  17:33  Ghost  
  181  17:34  Marine, Ghost x2  
  181  17:35  Marine x2  
  191  17:40  Marine x2  
  193  17:45  Ghost  
  193  17:50  Marine  
  196  17:54  Marine x2, Ghost  
  200  18:05  Planetary Fortress  
  162  18:20  Marine x2  
  161  18:33  Ghost x2  
  161  18:34  Marine  
  159  18:36  Marine, Marauder, Ghost  
  159  18:37  Marine, Marauder, Ghost  
  159  18:38  Marine x2  
  157  18:51  SCV  
  157  18:52  Marine  
  157  18:54  Marine, Terran Ship Weapons Level 2, Ghost  
  162  18:56  Marine x2, Thor  
  162  18:57  Siege Tank, Ghost x2  
  162  19:00  SCV x3  
  162  19:02  Marine x2  
  181  19:03  SCV  
  181  19:05  Marine, Missile Turret, Ghost  
  181  19:06  Missile Turret, Siege Tank  
  181  19:09  Marine  
  189  19:10  Starport Reactor  
  189  19:12  Marine  
  189  19:14  Marine x2  
  193  19:17  Missile Turret  
  193  19:18  SCV  
  193  19:19  Ghost  
  193  19:20  Ghost  
  193  19:23  Marine x2  
  200  19:36  Medivac x2  
  200  19:37  Ghost  
  200  19:38  Marine  
  168  19:40  Ghost  
  168  19:41  Marine x2  
  159  19:49  Marine x2, Ghost  
  159  19:50  Widow Mine, Thor  
  155  19:54  Thor  
  150  20:09  Medivac x2  
  152  20:17  Marine, Ghost x3  
  152  20:18  Marine x2, Ghost  
  163  20:23  Medivac  
  165  20:47  Ghost x2  
  165  20:48  Marine, Ghost  
  172  20:51  Medivac x2, Ghost x2  
  172  20:52  Marine x3  
  172  20:56  SCV x2  
  172  20:57  SCV x3  
  187  20:59  Marine  
  187  21:00  Widow Mine  
  191  21:04  Thor  
  191  21:06  Marine  
  198  21:17  Command Center  
  198  21:22  Ghost, Refinery  
  198  21:24  Refinery  
  200  21:26  Missile Turret  
  200  21:28  Missile Turret  
  200  21:32  SCV x4  
  197  21:33  SCV x4  
  197  21:34  SCV  
  195  21:44  SCV  
  194  21:51  Ghost  
  194  21:52  Marine x5, Ghost  
  194  21:53  Siege Tank  
  199  21:54  SCV  
  200  22:03  Missile Turret  
  200  22:31  Command Center  
  200  22:48  Smart Servos  
  190  23:08  Marine x2, Ghost  
  194  23:16  Marine x2, Ghost  
  198  23:39  Ghost  
  200  23:42  Command Center  
  200  24:01  Ghost  
  200  24:11  Missile Turret  
  200  24:12  Missile Turret  
  200  24:14  Missile Turret  
  167  24:33  Marine, Ghost  
  168  24:38  Marine, Ghost  
  168  24:42  Marine, Ghost  
  168  24:43  Thor x2  
  182  24:56  Marine  
  182  24:57  Marauder  
  179  25:02  Ghost  
  179  25:03  Marine  
  179  25:04  Marine  
  175  25:10  Marine, Ghost  
  175  25:11  Thor  
  184  25:17  Viking  
  186  25:25  Planetary Fortress  
  186  25:27  Refinery  
  186  25:28  Refinery  
  192  25:32  Ghost  
  192  25:33  Marine  
Tags
 
Add a new tag
Caveats
  • Supply blocks, unpowered buildings, or Contaminate may cause inaccurate times.
  • Supply counts are checked every 10 seconds.